 Dungeon Crawl Stone Soup version 0.30-a0-591-g3c58d2bc28 (webtiles) character file.

Game seed: 16012699431588256478

2230 wormed the Changer (level 9, 0/70 HPs)
             Began as an Octopode Transmuter on Jan 6, 2023.
             Was an Initiate of Gozag.
             Slain by a steam dragon (1 damage)
             ... on level 7 of the Dungeon.
             The game lasted 00:08:40 (6130 turns).

wormed the Changer (Octopode Transmuter)            Turns: 6130, Time: 00:08:40

Health: 0/70       AC:  8    Str: 10    XL:     9   Next: 36%
Magic:  10/15      EV: 12    Int: 25    God:    Gozag
Gold:   660        SH:  0    Dex: 16    Spells: 10/17 levels left

rFire   x . .      SeeInvis +      - Unarmed
rCold   + + +      Faith    .    (shield currently unavailable)
rNeg    . . .      Spirit   .    (helmet currently unavailable)
rPois   +          Reflect  .    (no amulet)
rElec   .          Harm     .    k - ring of see invisible
rCorr   .          Rampage  .    a - ring "Guxeehaf" {Wiz Dex+4}
Will    .....                    x - +6 ring of intelligence
Stlth   +                        D - ring of protection from cold
HPRegen 0.31/turn                (no ring)
MPRegen 0.14/turn                (no ring)
                                 (no ring)
                                 (no ring)

@: ice-form, wereblooded, hasted, very quick
A: freezing attack, boosted hp, almost no armour, amphibious, 8 rings, large,
(camouflage 1), (gelatinous body 1), (nimble swimmer 1), (tentacles)
a: End Transformation, Renounce Religion, Potion Petition, Call Merchant, Bribe
Branch


You were on level 7 of the Dungeon.
You worshipped Gozag.
Gozag was pleased with you.
You were a creature of crystalline ice.
You visited 2 branches of the dungeon, and saw 8 of its levels.

You collected 718 gold pieces.
You paid 58 gold pieces to Gozag.

Inventory:

Missiles
 y - 3 poisoned darts (quivered)
 C - a throwing net
Jewellery
 a - the ring "Guxeehaf" (right front paw) {Wiz Dex+4}
   (You acquired it on level 3 of the Dungeon)

   [ring of wizardry]

   It improves your spell success rate.
   Dex:       It affects your dexterity (+4).
 k - a ring of see invisible (left front paw)
 x - a +6 ring of intelligence (on tentacle)
 D - a ring of protection from cold (on tentacle)
Wands
 r - a wand of light (2)
 u - a wand of paralysis (8)
 w - a wand of mindburst (19)
Scrolls
 b - 3 scrolls of identify {unknown}
 d - 2 scrolls of amnesia {unknown}
 e - 3 scrolls of blinking
 g - a scroll of torment {unknown}
 h - 3 scrolls of silence {unknown}
 l - a scroll of brand weapon {unknown}
 m - 2 scrolls of teleportation {unknown}
 n - 2 scrolls of poison {unknown}
 o - 6 scrolls of enchant armour
 s - a scroll of magic mapping {unknown}
 t - a scroll of fog {unknown}
 v - 2 scrolls of vulnerability {unknown}
Potions
 c - 2 potions of heal wounds {unknown}
 f - 2 potions of might {unknown}
 j - a potion of brilliance {unknown}
 p - 2 potions of curing {unknown}
 q - a potion of magic {unknown}
 z - a potion of mutation {unknown}
 A - a potion of cancellation {unknown}
 B - a potion of berserk rage {unknown}


   Skills:
 + Level 4.6 Fighting
 + Level 4.8 Dodging
 + Level 5.4 Unarmed Combat
 + Level 4.6 Spellcasting
 * Level 6.8 Transmutations
 + Level 4.2 Ice Magic


You had 10 spell levels left.
You knew the following spells:

 Your Spells              Type           Power      Damage    Failure   Level
a - Ice Form              Ice/Tmut       33%        N/A       3%          4
b - Wereblood             Tmut           40%        N/A       1%          2
z - Beastly Appendage     Tmut           80%        N/A       1%          1

Your spell library contained the following spells:

 Spells                   Type           Power      Damage    Failure   Level
 Freeze                   Ice            100%       1d10      1%          1
 Sting                    Tmut/Pois      92%        1d7       1%          1
 Frozen Ramparts          Ice            52%        1d8       1%          3
 Spider Form              Tmut/Pois      23%        N/A       2%          3
 Hailstorm                Conj/Ice       16%        3d6       4%          3
 Poisonous Vapours        Pois/Air       10%        N/A       5%          2
 Blade Hands              Tmut           20%        N/A       6%          5
 Gell's Gravitas          Tloc           5%         N/A       11%         3
 Teleport Other           Tloc           5%         N/A       11%         3
 Irradiate                Conj/Tmut      11%        3d15      22%         5
 Olgreb's Toxic Radiance  Pois           5%         N/A       32%         4
 Dragon Form              Tmut           20%        N/A       83%         7
 Dispersal                Tloc           2%         N/A       99%         6


Dungeon Overview and Level Annotations

Branches:
Dungeon (7/15)             Temple (1/1) D:4

Altars:
Ashenzari
Cheibriados
Dithmenos
Elyvilon
Fedhas
Gozag
Hepliaklqana
Kikubaaqudgha
Makhleb
Nemelex Xobeh
Okawaru
Qazlal
Sif Muna
Trog
Uskayaw
Vehumet
Wu Jian
Xom
Yredelemnul
Zin
The Shining One

Shops:
D:6 (

Annotations:
D:6 3 runed translucent doors, bmack86's ghost, novice MiFi
Temple 2 transporters


Innate Abilities, Weirdness & Mutations

You are a creature of crystalline ice.
You have a powerful freezing melee attack.
Your maximum health is increased.
Your armour is entirely melded.
You are incapable of wielding weapons or throwing items.
You cannot wear most types of armour.
You are amphibious.
You can wear up to eight rings at the same time.
((Your skin changes colour to match your surroundings (Stealth+).))
((Your rubbery body absorbs attacks. (AC +1, EV +1)))
((You are camouflaged when in or above water. (Stealth+)))
((You have tentacles for arms and can constrict up to eight enemies at once.))


Message History

You now have 653 gold pieces (gained 7).
You see here a +0 club.
Found a stone staircase leading down.
D - a ring of protection from cold
D - a ring of protection from cold (on tentacle)
You now have 660 gold pieces (gained 7).
A steam dragon comes into view.
A steam dragon is nearby!
A steam dragon is nearby!
A steam dragon is nearby!
Casting: Wereblood (safe; 1% risk of failure)
Confirm with . or Enter, or press ? or * to list all spells.
You turn into a creature of crystalline ice.
The steam dragon hisses angrily.
Casting: Ice Form (dangerous; 3% risk of failure)
Confirm with . or Enter, or press ? or * to list all spells.
Your blood is infused with primal strength.
Casting: Wereblood (safe; 1% risk of failure)
Confirm with . or Enter, or press ? or * to list all spells.
You don't know that spell.
The steam dragon breathes steam at you. The ball of steam hits you!!
The steam scalds you terribly!
Found 3 poisoned darts.
You are engulfed in a cloud of scalding steam.
The steam dragon bites you. The steam dragon barely misses you.
An iguana comes into view.
You hit the steam dragon. You freeze the steam dragon.
The steam dragon is lightly wounded.
You are engulfed in a cloud of scalding steam.
The steam dragon bites you.
* * * LOW HITPOINT WARNING * * *
The steam dragon closely misses you.
You feel yourself speed up.
You are engulfed in a cloud of scalding steam.
* * * LOW HITPOINT WARNING * * *
The steam dragon bites you.
* * * LOW HITPOINT WARNING * * *
The steam dragon claws you.
You die...
Your body crumbles into a pile of gold.

###### #....########
## #....#>...... ..
#....#...##### ..
#............# .#
####.###.....###l####.
#....####.........(
#....####.##.......
#......##.§YD..##
#.#+##)######.##
#.#...<.>..# # $ $ $
#.###.)....#
#......))..#
#####......# $
#......# ######.# ...
$


You could see a steam dragon (catching breath) and an iguana.

Vanquished Creatures
  A two-headed ogre (D:6)
  Edmund (D:4)
  2 water moccasins (D:6)
  An orc warrior (D:6)
  2 ogres
  3 centaurs
  2 phantoms (D:5)
  A gnoll sergeant (D:7)
  A scorpion (D:4)
  A howler monkey (D:6)
  3 jellies (D:5)
  An orc priest (D:5)
  A hound (D:6)
  2 iguanas
  An orc wizard (D:4)
  13 gnolls
  6 adders
  3 white imps
  3 worms
  A dart slug (D:2)
  12 orcs
  4 ball pythons
  4 endoplasms
  A giant cockroach (D:3)
  13 goblins
  6 hobgoblins
  2 jackals (D:5)
  5 kobolds
  3 quokkas
  3 bats
  4 frilled lizards
  4 rats
110 creatures vanquished.

Notes
Turn   | Place    | Note
-------+----------+-------------------------------------------
     0 | D:1      | wormed the Octopode Transmuter began the quest for the Orb.
     0 | D:1      | Reached XP level 1. HP: 13/13 MP: 3/3
    24 | D:1      | Found a faded altar of an unknown god.
   107 | D:1      | Reached XP level 2. HP: 13/18 MP: 3/5
   147 | D:1      | Learned a level 2 spell: Wereblood
   803 | D:2      | Reached XP level 3. HP: 14/23 MP: 4/6
   940 | D:2      | Reached skill level 1 in Ice Magic
  1144 | D:2      | Reached XP level 4. HP: 28/28 MP: 3/7
  1155 | D:2      | Reached skill level 3 in Transmutations
  1228 | D:2      | Learned a level 4 spell: Ice Form
  2046 | D:3      | Found a shimmering altar of Xom.
  2227 | D:3      | Reached XP level 5. HP: 34/34 MP: 5/8
  2616 | D:3      | Identified a scroll of acquirement
  2616 | D:3      | Acquired the ring "Guxeehaf" {Wiz Dex+4}
  2931 | D:4      | Reached XP level 6. HP: 16/39 MP: 6/10
  3033 | D:4      | Found a staircase to the Ecumenical Temple.
  3049 | Temple   | Entered the Ecumenical Temple
  3049 | Temple   | Found a transporter.
  3049 | Temple   | Found a transporter.
  3051 | Temple   | Found a transporter.
  3051 | Temple   | Found a transporter.
  3067 | Temple   | Became a worshipper of Gozag Ym Sagoz the Greedy
  3093 | D:4      | Noticed Edmund
  3109 | D:4      | Killed Edmund
  3110 | D:4      | Reached skill level 4 in Transmutations
  3358 | D:4      | Found a hide-covered altar of Uskayaw.
  3791 | D:5      | Entered Level 5 of the Dungeon
  3801 | D:5      | Reached XP level 7. HP: 45/45 MP: 6/11
  4175 | D:5      | Reached skill level 5 in Transmutations
  4178 | D:5      | Reached XP level 8. HP: 30/52 MP: 9/13
  4851 | D:6      | Found a shadowy altar of Dithmenos.
  4859 | D:6      | Found a shimmering blue altar of Sif Muna.
  4890 | D:6      | Noticed a two-headed ogre
  4902 | D:6      | Killed a two-headed ogre
  4903 | D:6      | Reached skill level 5 in Unarmed Combat
  4903 | D:6      | Reached skill level 6 in Transmutations
  5051 | D:6      | Reached XP level 9. HP: 49/58 MP: 10/15
  5119 | D:6      | Found Gasothrill's Weapon Shoppe.
  5274 | D:6      | Found a runed translucent gate.
  5274 | D:6      | Found a runed translucent gate.
  5274 | D:6      | Noticed a troll
  5274 | D:6      | Noticed a two-headed ogre
  5275 | D:6      | Found a runed translucent gate.
  5275 | D:6      | Noticed bmack86's ghost (novice MiFi)
  6130 | D:7      | HP: 1/70 [steam dragon (6)]
  6130 | D:7      | Slain by a steam dragon

Illustrated notes

Levels and vault maps discovered:
D:1:      roderic_octagonal_star, layout_rooms, dreamdust_ecumenical_altar_grove
D:2:      layout_loops_corners, grunt_ministairs_4,
          chequers_serial_rivers_small_a,
          nicolae_concentric_dashed_squares_mild, minmay_indecisive_spiral
D:3:      layout_basic, nicolae_overflow_crystal_walls
D:4:      layout_basic, mainiacjoe_overflow_24_doors,
          minmay_temple_entry_water_ring, uniq_edmund
D:5:      layout_loops_ring
D:6:      layout_loops_ring, mainiacjoe_overflow_large_starburst,
          gammafunk_ghost_split, serial_shops, nicolae_shop_hallway_plus,
          minmay_ogre_servants
D:7:      gammafunk_the_bubble [the_bubble_gammafunk_plus_minus], layout_basic,
          enter_bailey_4
Temple:   hellmonk_temple_divided_pantheon

Skill      XL: |  1  2  3  4  5  6  7  8  9 |
---------------+----------------------------+-----
Ice Magic      | 1 2 3 4 |  4.2
Transmutations | 3 4 5 6 |  6.8
Fighting       | 2 3 4 |  4.6
Dodging        | 3 4 |  4.8
Spellcasting   | 3 4 |  4.6
Unarmed Combat | 4 5 |  5.4

Action                   |  1- 3 |  4- 6 |  7- 9 || total
-------------------------+-------+-------+-------++-------
Melee: Unarmed           |    51 |    99 |   112 ||   262
       Constrict         |     8 |    14 |       ||    22
       Kick              |     8 |    13 |       ||    21
       Tentacles         |     6 |     9 |       ||    15
       Punch             |     2 |     2 |       ||     4
Throw: Throwing net      |       |       |     1 ||     1
 Cast: Beastly Appendage |    15 |    14 |       ||    29
       Wereblood         |    11 |    14 |    16 ||    41
       Ice Form          |       |     8 |    19 ||    27
 Abil: End Transformatio |       |       |     1 ||     1
  Use: Potion            |     1 |       |     1 ||     2
       Scroll            |       |     3 |       ||     3
 Stab: Sleeping          |     4 |     1 |       ||     5
       Distracted        |       |     1 |     2 ||     3
       Held in net/web   |       |       |     1 ||     1
Armor: Skin              |    16 |    12 |    32 ||    60
Dodge: Dodged            |    23 |    46 |    59 ||   128

Table legend: (Time is in decaauts)
 A = Elapsed time spent in this place.
 B = Non-inter-level travel time spent in this place.
 C = Inter-level travel time spent in this place.
 D = Time resting spent in this place.
 E = Time spent auto-exploring this place.
 F = Levels seen in this place.
 G = Mean time per level.
                   A        B        C        D        E       F      G
               +--------+--------+--------+--------+--------+-----+--------+
         Total |   6109 |   5961 |    148 |      0 |   4982 |   8 |  763.6 |
       Dungeon |   6071 |   5923 |    148 |      0 |   4982 |   7 |  867.3 |
        Temple |     37 |     37 |      0 |      0 |      0 |   1 |   37.0 |
               +--------+--------+--------+--------+--------+-----+--------+

Top non-repeatable levels by time:
     D:2: 1285 daAuts
     D:6: 1215 daAuts
     D:4: 1114 daAuts
     D:5: 1028 daAuts
     D:3: 680 daAuts
     D:1: 662 daAuts
     D:7: 83 daAuts
  Temple: 37 daAuts
